 Dungeon Crawl Stone Soup version 0.31.0-12-g77e489cdc1 (webtiles) character file.

Game seed: 16958006073839321919

67 PriceMaster the Chiller (level 4, 0/40 HPs)
             Began as an Oni Ice Elementalist on Feb 27, 2024.
             Slain by Terence
             ... wielding a +2 short sword of speed
              (2 damage)
             ... on level 2 of the Dungeon.
             The game lasted 00:01:43 (1490 turns).

PriceMaster the Chiller (Oni Ice Elementalist)      Turns: 1490, Time: 00:01:44

Health: 0/40       AC:  3    Str: 14    XL:     4   Next: 18%
Magic:  6/8        EV:  5    Int: 16    God:
Gold:   56         SH:  9    Dex:  9    Spells: 8/9 levels left

rFire   . . .        c - +0 dagger
rCold   . . .        n - +0 tower shield
rNeg    . . .        a - +0 robe
rPois   .            (helmet restricted)
rElec   .            (no cloak)
rCorr   .            (gloves unavailable)
SInv    .            (boots unavailable)
Will    .....        (no amulet)
Stlth   ++           (no ring)
HPRegen 0.26/turn    (no ring)
MPRegen 0.11/turn

%: no passive effects
@: very slightly contaminated
A: large, unfitting armour, horns 1, tough skin 1, double potion healing,
drunken brawling
a: no special abilities


You were on level 2 of the Dungeon.
You visited 1 branch of the dungeon, and saw 2 of its levels.

You collected 56 gold pieces.

Inventory:

Hand Weapons
 c - a +0 dagger (weapon)
Armour
 a - a +0 robe (worn)
 n - a +0 tower shield (worn)
Jewellery
 d - a ring of magical power
 i - a ring of fire
Talismans
 f - a serpent talisman
Scrolls
 g - a scroll of brand weapon {unknown}
 h - a scroll of amnesia {unknown}
 l - 2 scrolls of teleportation {unknown}
 m - a scroll of blinking {unknown}
Potions
 b - a potion of magic
 e - a potion of curing {unknown}
 j - a potion of haste {unknown}
 k - a potion of berserk rage {unknown}


   Skills:
 + Level 0.5 Fighting
 + Level 0.3 Short Blades
 + Level 1.8 Dodging
 + Level 1.6 Stealth
 + Level 3.0 Spellcasting
 + Level 4.5 Ice Magic


You had 8 spell levels left.
You knew the following spells:

 Your Spells              Type           Power      Damage    Failure   Level
a - Freeze                Ice            68%        1d8       52%         1

Your spell library contained the following spells:

 Spells                   Type           Power      Damage    Failure   Level
 Frozen Ramparts          Ice            34%        1d6       87%         3
 Ozocubu's Armour         Ice            17%        N/A       87%         3
 Summon Ice Beast         Ice/Summ       9%         N/A       99%         3


Dungeon Overview and Level Annotations

Branches:
Dungeon (2/15)

Altars:

Shops:
D:2 [

Annotations:
D:2 Terence


Innate Abilities, Weirdness & Mutations

You are too large for most types of armour.
You have a pair of small horns on your head.
You have tough skin. (AC +1)
You gain doubled healing and magic from potions.
Whenever you drink a healing potion, you attack all around you.


Message History

Terence barely misses you. You block Terence's attack.
You hit Terence.
Terence is moderately wounded.
Terence barely misses you. You block Terence's attack.
Terence hits you with a +2 short sword of speed.
You barely miss Terence. You headbutt Terence, but do no damage.
Terence is moderately wounded.
You block Terence's attack. Terence hits you but does no damage.
You freeze Terence!
Terence is severely wounded.
You block Terence's attack.
You miscast Freeze.
You are very lightly contaminated with residual magic.
Nothing appears to happen.
Terence hits you with a +2 short sword of speed.
Terence hits you with a +2 short sword of speed!
You are too injured to fight recklessly!
You are too injured to fight recklessly!
You are too injured to fight recklessly!
You hit Terence but do no damage. You headbutt Terence, but do no damage.
Terence is severely wounded.
You block Terence's attack.
Terence hits you with a +2 short sword of speed.
You closely miss Terence.
Terence is severely wounded.
Terence says, "Time to say good-bye..."
You block Terence's attack. x2
You hit Terence but do no damage.
Terence is severely wounded.
Terence hits you with a +2 short sword of speed.
* * * LOW HITPOINT WARNING * * *
Terence hits you with a +2 short sword of speed!
* * * LOW HITPOINT WARNING * * *
You hit Terence.
Terence is severely wounded.
Terence hits you with a +2 short sword of speed.
* * * LOW HITPOINT WARNING * * *
Terence hits you with a +2 short sword of speed.
You die...
Terence says, "That felt goooood."

............###...# #
.............##...#.#
....#........##.....#
.[...........##..####
..............#..#
##............#..###
...#.....##...#....###
...#....###....#^....#
.#.#†######.####@#.#.#
.......#....#....@...#
.........##.#.#........#
..###....##.#.#..#..##.#
.........#....#..#..# #
...#.................
...#...........#.....#
...#.........#.#.# ...
.............#.#


You could see Terence.

Vanquished Creatures
  Natasha (D:2)
  A gnoll (D:1)
  8 endoplasms
  2 giant cockroaches (D:1)
  6 hobgoblins
  A quokka (D:1)
  4 ball pythons
  3 frilled lizards (D:1)
  3 kobolds (D:1)
  A rat (D:1)
30 creatures vanquished.

Notes
Turn   | Place    | Note
-------+----------+-------------------------------------------
     0 | D:1      | PriceMaster the Oni Ice Elementalist began the quest for
                  | the Orb.
     0 | D:1      | Reached XP level 1. HP: 16/16 MP: 3/3
   126 | D:1      | Reached XP level 2. HP: 11/24 MP: 0/5
   323 | D:1      | Reached skill level 4 in Ice Magic
   845 | D:1      | Reached XP level 3. HP: 12/31 MP: 1/6
  1231 | D:2      | Found Piyhykli's Armour Shop.
  1394 | D:2      | Noticed Natasha
  1403 | D:2      | Killed Natasha
  1404 | D:2      | Reached XP level 4. HP: 23/40 MP: 1/8
  1477 | D:2      | Noticed Terence
  1490 | D:2      | HP: 2/40 [Terence/+2 short sword of speed (2)]
  1490 | D:2      | Slain by Terence

Illustrated notes

Levels and vault maps discovered:
D:1:      dpeg_arrival_prison, layout_loops_ring, minmay_misc_feat_ornament
D:2:      minmay_alternating_diamond, layout_basic, serial_shops, shop,
          nicolae_shop_tiny_waterfront, uniq_sigmund, uniq_terence, uniq_natasha

Skill      XL: |  1  2  3 |
---------------+----------+-----
Ice Magic      | 4 |  4.5
Spellcasting   | 3 |  3.0
Fighting       | |  0.5
Short Blades   | |  0.3
Dodging        | |  1.8
Stealth        | |  1.6

Action                     |  1- 3 |  4- 6 || total
---------------------------+-------+-------++-------
  Melee: Dagger            |    31 |     7 ||    38
         Unarmed           |     4 |       ||     4
         Headbutt          |     8 |     2 ||    10
   Cast: Freeze            |    42 |     2 ||    44
   Stab: Sleeping          |     1 |       ||     1
 Armour: Robe              |    34 |    11 ||    45
  Dodge: Dodged            |    26 |     2 ||    28
  Block: Tower shield      |     7 |     8 ||    15
